 Dungeon Crawl Stone Soup version 0.21-a0-200-gb89f83b (webtiles) character file.

16 Alarkh the Grave Robber (level 2, 19/19 HPs)
             Began as a Demonspawn Necromancer on Aug 16, 2017.
             Got out of the dungeon alive.
             The game lasted 00:00:46 (636 turns).

Alarkh the Grave Robber (Demonspawn Necromancer)     Turns: 636, Time: 00:00:46

Health: 19/19      AC:  2    Str:  8    XL:     2   Next: 37%
Magic:  5/5        EV: 12    Int: 16    God:
Gold:   60         SH:  0    Dex: 13    Spells: 5/6 levels left

rFire    . . .     SeeInvis .   i - +0 short sword
rCold    . . .     Gourm    .   (no shield)
rNeg     . . .     Faith    .   a - +0 robe
rPois    .         Spirit   .   (no helmet)
rElec    .         Reflect  .   (no cloak)
rCorr    .         Harm     .   (no gloves)
MR       .....                  (no boots)
Stlth    ++........             j - amulet of regeneration
HPRegen  0.46/turn              (no ring)
MPRegen  0.09/turn              (no ring)

@: no status effects
A: rot immunity
a: no special abilities


You escaped.
You were not hungry.

You visited 1 branch of the dungeon, and saw 1 of its levels.

You collected 60 gold pieces.

Inventory:

Hand Weapons
 i - a +0 short sword (weapon)
Armour
 a - a +0 robe (worn)
Jewellery
 d - an uncursed ring of fire
 j - an amulet of regeneration (around neck)
Scrolls
 e - a scroll of identify
 h - a scroll of remove curse {unknown}
 k - a scroll of immolation {unknown}
 l - a scroll of random uselessness {unknown}
 m - a scroll of amnesia {unknown}
Potions
 g - a potion of heal wounds
 n - a potion of lignification {unknown}
 o - a potion of resistance {unknown}
Books
 b - a book of Necromancy

   Spells                             Type                      Level
   a - Pain                           Necromancy                   1
   b - Animate Skeleton               Necromancy                   1
   c - Vampiric Draining              Necromancy                   3
   d - Regeneration                   Charms/Necromancy            3
   e - Animate Dead                   Necromancy                   4
   f - Control Undead                 Necromancy                   4
Comestibles
 c - a bread ration
 f - 4 chunks of flesh
 p - a meat ration


   Skills:
 - Level 1.7 Dodging
 - Level 1.7 Stealth
 + Level 2.5 Spellcasting
 + Level 4.7 Necromancy


You had 5 spell levels left.
You knew the following spells:

 Your Spells              Type           Power        Failure   Level  Hunger
a - Pain                  Necr           ###.         2%          1    #......


Dungeon Overview and Level Annotations

Branches:
Dungeon (1/15)

Altars:
Cheibriados


Innate Abilities, Weirdness & Mutations

You are immune to rotting.


Message History

Confirm with . or Enter, or press ? or * to list all spells.
Aiming: Pain
Press: ? - help, Shift-Dir - straight line, f - ball python
Aim: a ball python (resting, chance to defeat MR: 87%)
The ball python writhes in agony!
You kill the ball python!
Casting: Pain
Confirm with . or Enter, or press ? or * to list all spells.
You can't see any susceptible monsters within range! (Use Z to cast anyway.) Some of the chunks of flesh in your inventory have rotted away.
f - 5 chunks of flesh (gained 4)
You see here 15 bolts.
Some of the chunks of flesh in your inventory have rotted away.
Done exploring.
Done exploring.
Done exploring.
Done exploring.
There is a staircase leading out of the dungeon here.
Are you sure you want to leave the Dungeon?
This will make you lose the game!
You have escaped!

......### #.# ###.......# ###.###
#.####### ####..#....# #.#
###.....####....###..##
###.#######...#.#....###### #.###
....#...##....###....[....#######
#####.###...### ##....##...###...
#.# #...#####.......##..#.#.# #.#
#....##(....##..##..###.# #.#
##......@..#####.....##.# #.#
#...#....## ###..###.# #>#
#...#.#### ##.# #.#
#####.#####..### #.###.#
..........#### ###.....#
#####.###.# #...###.. #####.##..#
#..## ### .........### ##.## #
#####......## #..# #


There were no monsters in sight!

Vanquished Creatures
  A leopard gecko (D:1)
  2 bats (D:1)
  2 giant cockroaches (D:1)
  A hobgoblin (D:1)
  3 kobolds (D:1)
  A ball python (D:1)
  2 goblins (D:1)
12 creatures vanquished.

Notes
Turn   | Place    | Note
-------+----------+-------------------------------------------
     0 | D:1      | Alarkh the Demonspawn Necromancer began the quest for the Orb.
     0 | D:1      | Reached XP level 1. HP: 13/13 MP: 3/3
   274 | D:1      | Found a snail-covered altar of Cheibriados.
   322 | D:1      | Gained mutation: You are immune to rotting. [demonic ancestry]
   322 | D:1      | Reached XP level 2. HP: 16/19 MP: 1/5
   636 | D:$      | Got out of the dungeon alive.

Vault maps used:
D:1:      dpeg_arrival_round_c, st_stairs_10, cheibriados_altar_1

Action                   || total
-------------------------++-------
Melee: Short sword       ||    15
 Cast: Pain              ||    14
  Use: Scroll            ||     1
Armor: Robe              ||     8
Dodge: Dodged            ||    21
